Map: King Sejong Station LE

Players

Gracz - Winner!

  • Race: Protoss Protoss
  • League: Silver

johnser

  • Race: Protoss Protoss
  • League: Bronze

VOD

Have the link to the VOD?

Description

Time

  • Played on: Oct. 30, 2016, 5:34 p.m.
  • Length: 16:58
Show
View Real Time Build Order
Export as new Build Order

Gracz Protoss - Winner!

Build Orders: Blink Stalkers 

Get SALT Encoding   

  12  0:03  Probe (Chrono Boost)  
  13  0:14  Probe (Chrono Boost)  
  14  0:22  Pylon  
  14  0:28  Probe (Chrono Boost)  
  15  0:31  Assimilator  
  15  0:46  Gateway  
  15  0:47  Probe (Chrono Boost)  
  16  0:57  Gateway  
  16  1:06  Probe (Chrono Boost)  
  16  1:09  Pylon  
  17  1:22  Probe (Chrono Boost)  
  18  1:25  Assimilator  
  18  1:33  Probe (Chrono Boost)  
  18  1:38  Cybernetics Core  
  19  1:43  Probe (Chrono Boost)  
  21  1:54  Probe (Chrono Boost)  
  21  1:55  Gateway  
  21  2:07  Warp Gate, Probe (Chrono Boost)  
  22  2:09  Pylon  
  22  2:20  Stalker  
  22  2:21  Stalker  
  26  2:32  Probe (Chrono Boost)  
  29  2:46  Mothership Core (Chrono Boost)  
  29  2:50  Twilight Council  
  29  3:07  Unknown, Nexus  
  29  3:22  Blink  
  27  3:45  Gateway  
  27  3:46  Gateway  
  27  3:52  Gateway  
  27  3:56  Pylon  
  27  4:01  Stargate  
  27  4:19  Unknown  
  27  4:20  Probe (Chrono Boost)  
  27  4:21  Probe (Chrono Boost)  
  29  4:33  Probe (Chrono Boost)  
  30  4:39  Robotics Facility  
  30  4:40  Robotics Facility  
  30  4:53  Stalker  
  30  4:54  Stalker  
  34  5:05  Probe (Chrono Boost)  
  34  5:06  Assimilator, Probe (Chrono Boost)  
  36  5:12  Pylon  
  36  5:15  Probe (Chrono Boost)  
  36  5:18  Probe (Chrono Boost)  
  38  5:24  Assimilator  
  38  5:26  Probe (Chrono Boost)  
  39  5:36  Probe (Chrono Boost)  
  40  5:44  Templar Archives  
  40  5:48  Probe (Chrono Boost)  
  42  5:50  Probe (Chrono Boost)  
  42  5:52  Stalker  
  42  5:53  Stalker x2  
  48  6:08  Robotics Facility  
  48  6:13  Probe (Chrono Boost)  
  48  6:15  Probe (Chrono Boost)  
  48  6:18  Stalker  
  52  6:24  Probe (Chrono Boost)  
  54  6:27  Probe (Chrono Boost)  
  54  6:28  Immortal  
  54  6:33  Observer  
  59  6:46  Stargate  
  59  6:57  Fleet Beacon, Stalker  
  61  7:04  Probe (Chrono Boost)  
  61  7:06  Probe (Chrono Boost)  
  63  7:22  Robotics Bay  
  63  7:31  Gateway  
  63  7:33  Stalker x2  
  63  7:36  Gateway  
  67  7:49  Pylon  
  67  7:52  Charge  
  67  7:55  Probe (Chrono Boost)  
  67  7:56  Probe (Chrono Boost)  
  69  7:59  Pylon  
  69  8:07  Tempest  
  69  8:08  Zealot  
  69  8:10  Zealot  
  77  8:25  Disruptor  
  80  8:37  Zealot  
  80  8:40  Sentry x2  
  86  8:43  Unknown, Nexus  
  86  8:46  Pylon  
  86  8:50  Pylon  
  86  9:03  Pylon  
  86  9:12  Immortal  
  86  9:13  Warp Prism  
  86  9:15  Disruptor  
  95  9:26  Probe (Chrono Boost)  
  95  9:27  Probe (Chrono Boost)  
  95  9:29  Tempest  
  102  9:39  Probe (Chrono Boost)  
  102  9:43  Resonating Glaives  
  102  9:44  Adept x2  
  106  9:48  Sentry  
  108  9:55  Unknown  
  108  9:59  Probe x2 (Chrono Boost)  
  111  10:01  Probe (Chrono Boost)  
  111  10:10  Stalker x2  
  111  10:11  Stalker, Psionic Storm  
  111  10:13  Probe (Chrono Boost)  
  118  10:31  Assimilator  
  118  10:35  Assimilator  
  118  10:36  Pylon  
  118  10:37  Stalker x2  
  118  10:39  Zealot  
  118  10:40  Pylon  
  124  10:56  Immortal x2  
  132  11:03  Pylon  
  132  11:05  Pylon  
  132  11:10  Stalker x2  
  136  11:20  Tempest  
  136  11:23  Tempest  
  144  11:40  High Templar  
  144  11:45  Adept x3  
  144  11:46  Adept  
  154  11:50  Disruptor  
  157  11:57  Pylon  
  157  12:01  Pylon  
  90  13:27  Stalker  
  90  13:28  Stalker x5  
  90  13:47  Tempest x2  
  88  13:49  Observer  
  88  13:51  Observer, Immortal  
  88  14:19  High Templar  
  88  14:20  Stalker x3  
  88  14:21  High Templar  
  88  14:22  High Templar x2  
  96  15:04  Archon  
  74  15:26  Stalker  
  74  15:27  Stalker x4  
  84  15:29  Adept x2  
  82  16:00  Tempest x2  
  82  16:01  Stalker  
  82  16:02  Stalker x5  
  82  16:03  Stalker  
Show
View Real Time Build Order
Export as new Build Order

johnser Protoss 

Build Orders:  

Get SALT Encoding   

  12  0:11  Probe (Chrono Boost)  
  13  0:21  Probe (Chrono Boost)  
  13  0:22  Pylon  
  14  0:32  Probe (Chrono Boost)  
  15  0:42  Probe (Chrono Boost)  
  16  0:50  Gateway  
  16  0:53  Probe (Chrono Boost)  
  16  0:55  Assimilator  
  17  1:03  Probe (Chrono Boost)  
  18  1:14  Gateway, Probe (Chrono Boost)  
  19  1:24  Probe (Chrono Boost)  
  20  1:30  Forge  
  20  1:35  Probe (Chrono Boost)  
  20  1:37  Pylon  
  21  1:46  Probe (Chrono Boost)  
  22  1:51  Cybernetics Core  
  22  1:52  Assimilator  
  22  1:56  Probe (Chrono Boost)  
  23  2:07  Probe (Chrono Boost)  
  24  2:09  Gateway  
  24  2:18  Photon Cannon  
  24  2:23  Probe (Chrono Boost)  
  25  2:30  Stalker  
  25  2:34  Sentry, Probe (Chrono Boost)  
  30  2:44  Probe (Chrono Boost)  
  30  2:45  Pylon  
  31  3:01  Pylon  
  31  3:03  Stalker  
  33  3:08  Gateway  
  33  3:14  Sentry  
  35  3:25  Pylon  
  35  3:36  Photon Cannon  
  35  3:39  Adept  
  35  3:40  Stalker  
  39  3:52  Protoss Ground Weapons Level 1  
  39  3:58  Photon Cannon  
  39  4:00  Zealot  
  41  4:09  Assimilator  
  41  4:10  Sentry  
  43  4:17  Assimilator  
  43  4:19  Photon Cannon  
  43  4:51  Unknown, Nexus  
  43  5:01  Stargate  
  43  5:09  Pylon  
  43  5:10  Adept  
  45  5:18  Probe (Chrono Boost)  
  47  5:30  Probe (Chrono Boost)  
  47  5:31  Protoss Shields Level 1  
  47  5:42  Probe (Chrono Boost)  
  48  5:43  Stalker  
  48  5:45  Robotics Facility, Zealot  
  52  6:03  Unknown  
  52  6:06  Probe (Chrono Boost)  
  54  6:11  Probe (Chrono Boost)  
  54  6:16  Probe (Chrono Boost)  
  55  6:23  Probe (Chrono Boost)  
  56  6:27  Probe (Chrono Boost)  
  56  6:31  Void Ray  
  61  6:35  Probe (Chrono Boost)  
  61  6:37  Probe (Chrono Boost)  
  63  6:42  Stargate  
  63  6:45  Pylon  
  64  6:47  Probe (Chrono Boost)  
  64  6:48  Probe (Chrono Boost)  
  65  7:00  Probe (Chrono Boost)  
  66  7:07  Immortal  
  70  7:12  Probe (Chrono Boost)  
  70  7:15  Photon Cannon  
  72  7:24  Probe (Chrono Boost)  
  72  7:32  Twilight Council  
  72  7:34  Void Ray  
  72  7:36  Probe (Chrono Boost)  
  77  7:44  Void Ray  
  77  7:47  Protoss Air Weapons Level 1  
  77  7:48  Probe (Chrono Boost)  
  77  7:51  Assimilator  
  82  7:53  Observer  
  83  8:00  Probe (Chrono Boost)  
  84  8:12  Pylon  
  84  8:18  Pylon, Stalker  
  86  8:31  Assimilator  
  86  8:35  Sentry, Zealot  
  86  8:36  Zealot  
  86  8:37  Unknown, Nexus  
  92  8:48  Stalker  
  94  8:49  Photon Cannon  
  94  8:54  Photon Cannon  
  94  9:02  Immortal  
  98  9:05  Protoss Ground Armor Level 1  
  98  9:18  Stalker  
  100  9:29  Photon Cannon  
  102  9:33  Mothership Core (Chrono Boost)  
  102  9:42  Fleet Beacon  
  102  9:44  Pylon  
  102  9:49  Stalker, Unknown  
  102  9:52  Photon Cannon  
  104  10:05  Probe (Chrono Boost)  
  105  10:09  Probe (Chrono Boost)  
  106  10:15  Probe (Chrono Boost)  
  106  10:20  Probe (Chrono Boost)  
  108  10:24  Charge  
  108  10:26  Probe (Chrono Boost)  
  109  10:30  Dark Shrine, Probe (Chrono Boost)  
  109  10:33  Probe (Chrono Boost)  
  111  10:36  Probe (Chrono Boost)  
  111  10:41  Probe (Chrono Boost)  
  113  10:46  Pylon, Probe (Chrono Boost)  
  113  10:47  Probe (Chrono Boost)  
  115  10:52  Probe (Chrono Boost)  
  117  10:57  Probe (Chrono Boost)  
  117  10:58  Probe (Chrono Boost)  
  124  11:08  Probe (Chrono Boost)  
  124  11:09  Tempest  
  124  11:10  Probe (Chrono Boost)  
  130  11:15  Photon Cannon  
  131  11:18  Probe (Chrono Boost)  
  131  11:19  Photon Cannon  
  131  11:23  Pylon  
  130  11:29  Probe (Chrono Boost)  
  131  11:38  Pylon  
  131  11:39  Probe (Chrono Boost)  
  132  11:41  Tempest, Pylon  
  132  11:46  Photon Cannon  
  136  11:52  Dark Templar  
  138  11:56  Protoss Ground Weapons Level 2, Photon Cannon  
  138  12:00  Void Ray  
  142  12:08  Protoss Air Weapons Level 2  
  124  12:36  Dark Templar  
  106  12:40  Zealot x2  
  106  12:41  Zealot  
  91  12:53  Void Ray  
  76  13:11  Mothership Core (Chrono Boost)  
  80  13:15  Dark Templar  
  71  13:23  Phoenix  
  66  13:31  Photon Cannon  
  58  13:34  Zealot  
  54  13:42  Pylon  
  54  13:44  Pylon  
  51  13:49  Pylon  
  53  14:01  Dark Templar  
  55  14:03  Pylon  
  55  14:06  Photon Cannon  
  55  14:07  Phoenix x2  
  55  14:09  Assimilator  
  57  14:10  Assimilator  
  57  14:12  Pylon  
  57  14:20  Pylon  
  57  14:32  Phoenix x2  
  57  14:35  Photon Cannon  
  61  14:40  Dark Templar  
  57  14:57  Phoenix  
  58  15:01  Photon Cannon  
  54  15:19  Adept, Photon Cannon  
  56  15:22  Phoenix  
  56  15:23  Pylon  
  42  15:47  Adept  
  29  16:14  Adept  
  31  16:27  Gateway  
Tags
 
Add a new tag
Caveats
  • Supply blocks, unpowered buildings, or Contaminate may cause inaccurate times.
  • Supply counts are checked every 10 seconds.